 Seeded DCSS version 0.29.1-1-gd02db6906a (webtiles) character file.

Game seed: 5488918241580617533 (custom seed)

8093 RascalDebosk the Protected (level 11, -2/99 HPs)
             Began as a Minotaur Fighter on Sept 18, 2022.
             Was an Initiate of Gozag.
             Killed from afar by an electric eel (9 damage)
             ... with a bolt of electricity
             ... on level 10 of the Dungeon.
             The game lasted 01:10:10 (10424 turns).

RascalDebosk the Protected (Minotaur Fighter)      Turns: 10424, Time: 01:10:10

Health: -2/99      AC: 19    Str: 30    XL:     11   Next: 5%
Magic:  10/10      EV:  8    Int:  5    God:    Gozag
Gold:   398        SH: 11    Dex: 13    Spells: 10/10 levels left

rFire   . . .      SeeInvis +   v - +7 hammer of Starshine {speed, rPois rCorr Dex+3}
rCold   . . .      Faith    .   c - +0 buckler
rNeg    . . .      Spirit   .   r - +1 chain mail {Will+}
rPois   +          Reflect  +   (helmet restricted)
rElec   .          Harm     .   l - +2 cloak
rCorr   +          Rampage  .   I - +2 pair of gloves
Will    +....                   (no boots)
Stlth   ..........              b - amulet of reflection
HPRegen 0.26/turn               x - ring of Wisdom {rPois Str+5 SInv}
MPRegen 0.12/turn               D - ring of see invisible

@: flying
A: horns 2, retaliatory headbutt
a: Renounce Religion, Potion Petition, Call Merchant, Bribe Branch


You were on level 10 of the Dungeon.
You worshipped Gozag.
Gozag was aware of your devotion.
You visited 2 branches of the dungeon, and saw 11 of its levels.
You also visited: Sewer.

You collected 1139 gold pieces.
You spent 620 gold pieces at shops.
You paid 121 gold pieces to Gozag.

Inventory:

Hand Weapons
 a - a +1 vampiric flail
 v - the +7 hammer of Starshine (weapon) {speed, rPois rCorr Dex+3}
   (You found it on level 2 of the Dungeon)

   Attacks with this weapon are significantly faster.
   Dex:       It affects your dexterity (+3).
   rPois:     It protects you from poison.
   rCorr:     It protects you from acid and corrosion.
 H - the +6 broad axe of Tabodgh {drain, rF+ rN+ Will+ Str+3}
   (You took it off an orc wizard on level 9 of the Dungeon)

   A truly terrible weapon, it drains the life of any living foe it strikes.
   Str:       It affects your strength (+3).
   rF:        It protects you from fire.
   rN:        It protects you from negative energy.
   Will:      It increases your willpower.
Missiles
 p - 28 poisoned darts
 z - 11 boomerangs (quivered)
 E - 2 curare-tipped darts
Armour
 c - a +0 buckler (worn)
 l - a +2 cloak (worn)
 o - a +0 plate armour
 r - a +1 chain mail of willpower (worn)
 I - a +2 pair of gloves (worn)
Jewellery
 b - an amulet of reflection (around neck)
 x - the ring of Wisdom (left hand) {rPois Str+5 SInv}
   (You bought it in a shop on level 3 of the Dungeon)

   [ring of see invisible]

   Str:       It affects your strength (+5).
   rPois:     It protects you from poison.
   SInv:      It lets you see invisible.
 D - a ring of see invisible (right hand)
Wands
 g - a wand of quicksilver (13)
 m - a wand of flame (18)
 q - a wand of charming (7)
 y - a wand of iceblast (4)
 F - a wand of digging (5)
Scrolls
 f - 3 scrolls of brand weapon
 i - 10 scrolls of identify
 j - 2 scrolls of noise
 s - 2 scrolls of magic mapping
 t - 9 scrolls of teleportation
 u - 3 scrolls of fear
 w - 4 scrolls of enchant weapon
Potions
 e - 4 potions of flight
 h - 2 potions of curing
 k - 6 potions of heal wounds
 n - 2 potions of brilliance
 A - a potion of cancellation
 C - a potion of ambrosia
 G - a potion of mutation
Miscellaneous
 B - a box of beasts


   Skills:
 + Level 9.9 Fighting
 + Level 9.5 Maces & Flails
 + Level 7.6 Throwing
 + Level 10.0 Armour
 + Level 9.9 Shields


You had 10 spell levels left.
You didn't know any spells.
Your spell library contained the following spells:

 Spells                   Type           Power      Damage    Failure   Level
 Magic Dart               Conj           0%         1d3       95%         1
 Ensorcelled Hibernation  Hex/Ice        0%         N/A       98%         2
 Scorch                   Fire           0%         2d5       98%         2
 Searing Ray              Conj           0%         2d4       98%         2
 Spider Form              Tmut/Pois      0%         N/A       100%        3
 Anguish                  Hex/Necr       0%         N/A       100%        4
 Flame Wave               Conj/Fire      0%         2d4       100%        4
 Fulminant Prism          Conj/Hex       0%         3d6       100%        4
 Iskenderun's Mystic Bla  Conj/Tloc      0%         2d3       100%        4
 Lee's Rapid Deconstruct  Erth           0%         3d5*      100%        5
 Summon Cactus Giant      Summ           0%         N/A       100%        6


Dungeon Overview and Level Annotations

Branches:
Dungeon (10/15)            Temple (1/1) D:6            Lair (0/5) D:8
  Sewer (visited)
    Orc: D:9-12

Altars:
Ashenzari
Cheibriados
Dithmenos
Elyvilon
Fedhas
Gozag
Hepliaklqana
Kikubaaqudgha
Makhleb
Nemelex Xobeh
Okawaru
Qazlal
Ru
Sif Muna
Trog
Uskayaw
Vehumet
Wu Jian
Xom
Yredelemnul
Zin
The Shining One

Shops:
D:3 *   D:7 [   D:10 *


Innate Abilities, Weirdness & Mutations

You have a pair of horns on your head.
You reflexively headbutt those who attack you in melee.


Message History

You feel sick.
You feel sick.
You feel sick.
You feel sick.
You feel sick.
You are no longer poisoned.
You now have 378 gold pieces (gained 19).
You now have 392 gold pieces (gained 14).
There is an entrance to Maoss's General Store here.
You can access your shopping list by pressing '$'.
You feel a little less mighty now.
HP restored.
You pick up a book of Conjurations and begin reading...
You add the spells Magic Dart and Searing Ray to your library.
The kobold shouts!
You hear a shout!
You enter the shallow water.
Moving in this stuff is going to be slow.
An electric eel comes into view.
The electric eel shoots out a bolt of lightning at you!
The bolt of electricity hits you!
The electric eel shoots out a bolt of lightning at you!
The bolt of electricity hits you.
The electric eel shoots out a bolt of lightning at you!
The bolt of electricity hits the plant!
The plant begins to die.
The bolt of electricity misses you.
The electric eel shoots out a bolt of lightning at you!
The bolt of electricity hits you!
Found 2 potions of heal wounds.
The electric eel shoots out a bolt of lightning at you!
The bolt of electricity hits the plant!
The plant begins to die.
The bolt of electricity hits you!
The electric eel shoots out a bolt of lightning at you!
The bolt of electricity hits you but does no damage.
The bolt of electricity hits you.
The electric eel shoots out a bolt of lightning at you!
The bolt of electricity hits you! x2
The bolt of electricity misses the electric eel.
You hit the electric eel. You headbutt the electric eel!
The electric eel is severely wounded.
You completely miss the electric eel.
The electric eel is severely wounded.
The electric eel shoots out a bolt of lightning at you!
The bolt of electricity hits you.
* * * LOW HITPOINT WARNING * * *
The bolt of electricity misses you.
The bolt of electricity hits the electric eel.
The electric eel completely resists.
You bludgeon the electric eel!!
You kill the electric eel!
You hear a splash.
Your Armour skill increases to level 10!
You enter the shallow water.
Moving in this stuff is going to be slow.
You now have 398 gold pieces (gained 6).
An electric eel comes into view.
The electric eel shoots out a bolt of lightning at you!
The bolt of electricity hits the plant!
The plant begins to die.
The bolt of electricity hits the plant!
The plant begins to die.
The bolt of electricity hits you!
* * * LOW HITPOINT WARNING * * *
You see here 2 potions of heal wounds.
k - 6 potions of heal wounds (gained 2)
An electric eel comes into view.
The electric eel shoots out a bolt of lightning at you!
The bolt of electricity hits the plant! x2; The bolt of electricity hits you.
* * * LOW HITPOINT WARNING * * *
An electric eel comes into view.
The electric eel shoots out a bolt of lightning at you!
The bolt of electricity hits the electric eel.
The electric eel completely resists.
The bolt of electricity hits the plant! x2
The bolt of electricity hits you.
* * * LOW HITPOINT WARNING * * *
The electric eel shoots out a bolt of lightning at you!
The bolt of electricity hits the plant! x2; The bolt of electricity hits you.
* * * LOW HITPOINT WARNING * * *
A nearby plant withers and dies.
The electric eel shoots out a bolt of lightning at you!
The bolt of electricity hits you.
* * * LOW HITPOINT WARNING * * *
You feel very buoyant.
You fly up into the air.
An electric eel comes into view.
The electric eel shoots out a bolt of lightning at you!
The bolt of electricity hits the plant!
The plant begins to die.
The bolt of electricity hits you!
* * * LOW HITPOINT WARNING * * *
The electric eel shoots out a bolt of lightning at you!
The bolt of electricity hits you.
* * * LOW HITPOINT WARNING * * *
The electric eel shoots out a bolt of lightning at you!
The bolt of electricity hits you.
* * * LOW HITPOINT WARNING * * *
The bolt of electricity hits you!
* * * LOW HITPOINT WARNING * * *
A nearby plant withers and dies.
The electric eel shoots out a bolt of lightning at you!
The bolt of electricity hits the plant.
The plant begins to die.
The bolt of electricity hits you!
You die...
Your body crumbles into a pile of gold.

######...####
###....# ####.#
#.# #.# #.# ##
#.# ♣~♣♣~♣♣.##
~~P♣♣~~@~#
~~~P~PP~♣♣#
≈≈~♣~P♣~~♣~#
≈≈≈≈~~♣~~~~♣♣##
≈≈≈≈≈≈≈≈S~~~~~♣~#
≈≈≈≈≈≈≈~P~~PP~~P#
≈≈
≈≈≈≈≈≈≈P~PP~~P~~#
~~
≈≈≈≈≈≈~~~P~~P~♣##
S~~
≈≈≈≈≈≈~~~~~~♣♣#


You could see an electric eel.

Vanquished Creatures
  Nergalle (D:10)
  Pikel (D:4)
  A cyclops (D:6)
  2 kobold demonologists (D:9)
  A hornet (D:8)
  9 yaks
  2 steam dragons
  2 acid dragons
  3 swamp worms (D:9)
  A water moccasin (D:7)
  Duvessa (D:6)
  An orc warrior (D:8)
  A sky beast (D:8)
  3 black bears
  An ogre (D:6)
  The ghost of TheBeaver the Sneak, an amateur DsDe of Okawaru (D:3)
  A lemure (D:4)
  5 centaurs
  2 phantoms (D:6)
  3 kobold brigands (D:8)
  6 bullfrogs
  2 necrophages (D:6)
  4 scorpions
  5 wights (D:6)
  Dowan (D:6)
  9 killer bees
  6 howler monkeys
  An electric eel (D:10)
  Crazy Yiuf (D:2)
  3 orc priests
  3 hounds
  3 jellies
  2 gnoll boudas
  3 iguanas
  2 orc wizards (D:9)
  A merfolk siren (Sewer)
  A merfolk avatar (Sewer)
  9 gnolls
  2 river rats (Sewer)
  13 adders
  3 shadow imps
  A white imp (D:4)
  5 ufetubi
  A worm (D:2)
  A dart slug (D:1)
  20 orcs
  3 bats
  12 endoplasms
  6 giant cockroaches
  12 goblins
  5 hobgoblins
  2 jackals (D:2)
  4 quokkas
  7 ball pythons
  7 frilled lizards
  24 kobolds
  22 rats
254 creatures vanquished.

Vanquished Creatures (others)
  2 fungi (D:8)
  15 plants
17 creatures vanquished.

Grand Total: 271 creatures vanquished

Notes
Turn   | Place    | Note
-------+----------+-------------------------------------------
     0 | D:1      | RascalDebosk the Minotaur Fighter began the quest for the
                  | Orb.
     0 | D:1      | Reached XP level 1. HP: 19/19 MP: 0/0
   325 | D:1      | Reached XP level 2. HP: 22/27 MP: 1/1
   546 | D:1      | Found a faded altar of an unknown god.
   685 | D:1      | Reached skill level 1 in Throwing
   910 | D:1      | Reached XP level 3. HP: 29/33 MP: 2/2
  1209 | D:2      | Reached skill level 4 in Armour
  1718 | D:2      | Reached XP level 4. HP: 29/40 MP: 3/3
  1980 | D:2      | Found a runed translucent door.
  1989 | D:2      | Noticed Crazy Yiuf
  1991 | D:2      | Identified the +6 hammer of the Well-Known Curses {drain,
                  | *Corrode rF+ rN+ Dex+5}
  1993 | D:2      | Identified the +4 hammer "Dasm" {protect, Dex+5}
  1995 | D:2      | Identified the +7 hammer of Starshine {speed, rPois rCorr
                  | Dex+3}
  2006 | D:2      | Killed Crazy Yiuf
  2246 | D:3      | Reached XP level 5. HP: 43/47 MP: 4/4
  2451 | D:3      | Found a runed translucent gate.
  2452 | D:3      | Found a runed translucent gate.
  2453 | D:3      | Found a runed translucent gate.
  2453 | D:3      | Noticed TheBeaver's ghost (amateur DsDe)
  2469 | D:3      | Killed TheBeaver's ghost
  2470 | D:3      | Reached XP level 6. HP: 55/55 MP: 5/5
  2509 | D:3      | Found Qeduw's Assorted Antiques.
  2520 | D:3      | Found a broken altar of Ashenzari.
  2644 | D:3      | Bought a coiled steel ring for 100 gold pieces
  2644 | D:3      | Identified the ring of Wisdom {rPois Str+5 SInv} (You
                  | bought it in a shop on level 3 of the Dungeon)
  2669 | D:3      | You fall into a shaft and drop 2 floors!
  2669 | D:5      | Entered Level 5 of the Dungeon
  2715 | D:4      | Noticed Pikel
  2727 | D:4      | Killed Pikel
  2728 | D:4      | Reached skill level 5 in Fighting
  2728 | D:4      | Reached skill level 5 in Armour
  2728 | D:4      | Reached skill level 5 in Shields
  2728 | D:4      | Reached XP level 7. HP: 49/61 MP: 6/6
  2810 | D:4      | Found a glowing drain.
  2829 | Sewer    | Entered a sewer
  3472 | D:4      | Reached skill level 5 in Maces & Flails
  4126 | D:5      | Reached skill level 6 in Armour
  4209 | D:3      | Bought a lumpy malachite amulet for 100 gold pieces
  4326 | D:5      | Noticed a yak
  4327 | D:5      | Found a stormy altar of Qazlal.
  4328 | D:5      | Noticed a yak
  4328 | D:5      | Noticed a yak
  4328 | D:5      | Noticed a yak
  4347 | D:5      | Killed a yak
  4348 | D:5      | Reached XP level 8. HP: 52/70 MP: 7/7
  4681 | D:5      | Reached skill level 7 in Armour
  5089 | D:6      | Found a blossoming altar of Fedhas.
  5105 | D:6      | Found a burning altar of Makhleb.
  5222 | D:6      | Reached skill level 5 in Throwing
  5222 | D:6      | Reached XP level 9. HP: 79/79 MP: 8/8
  5301 | D:6      | Noticed Dowan
  5309 | D:6      | Killed Dowan
  5315 | D:6      | Noticed Duvessa
  5330 | D:6      | Killed Duvessa
  5744 | D:6      | Found a basalt altar of Yredelemnul.
  5912 | D:6      | Noticed a cyclops
  5924 | D:6      | Killed a cyclops
  5925 | D:6      | Reached skill level 8 in Armour
  6119 | D:6      | Found a staircase to the Ecumenical Temple.
  6124 | Temple   | Entered the Ecumenical Temple
  6436 | D:7      | Found Xuhixer's Armour Boutique.
  6595 | Temple   | Became a worshipper of Gozag Ym Sagoz the Greedy
  6777 | D:7      | Found an ornate altar of the Wu Jian Council.
  7043 | D:8      | Reached XP level 10. HP: 89/90 MP: 9/9
  7214 | D:8      | Reached skill level 9 in Armour
  7364 | D:3      | Bought a glowing chain mail for 150 gold pieces
  7626 | D:8      | Found a glowing golden altar of the Shining One.
  7996 | D:8      | Found a staircase to the Lair.
  8508 | D:3      | Bought a glowing fluorescent wand for 80 gold pieces
  8508 | D:3      | Bought a scroll of enchant weapon for 150 gold pieces
  8508 | D:3      | Bought a scroll of identify for 40 gold pieces
  9354 | D:9      | Identified the +6 broad axe of Tabodgh {drain, rF+ rN+
                  | Will+ Str+3}
  9484 | D:9      | Noticed a sun demon
  9710 | D:9      | Noticed a soul eater
  9735 | D:8      | Paralysed by a hornet for 1 turns
 10256 | D:10     | Entered Level 10 of the Dungeon
 10256 | D:10     | Found a bloodstained altar of Trog.
 10256 | D:10     | Found Maoss's General Store.
 10265 | D:10     | Noticed Nergalle
 10282 | D:10     | Killed Nergalle
 10283 | D:10     | Reached XP level 11. HP: 95/99 MP: 10/10
 10393 | D:10     | Reached skill level 10 in Armour
 10424 | D:10     | Killed from afar by an electric eel

Illustrated notes

Levels and vault maps discovered:
D:1:      elethiomel_arrival_infinity_welcomes_careful_drivers, layout_rooms,
          shapermc_ecumenical_altar_totnotflames
D:2:      layout_basic, dreamdust_princess_bridge, eino_curves_02,
          minmay_pentomino_s4, uniq_crazy_yiuf_cottage
D:3:      layout_loops_cross, nicolae_overflow_crystal_walls, serial_shops,
          nicolae_shop_behind_doors, ebering_ghost_rock_garden,
          serial_bayou_ford_a, uniq_ijyb
D:4:      layout_basic, portal_sewer_entry_d, uniq_pikel
D:5:      layout_cave_pools, mainiacjoe_overflow_surrounded_room,
          kennysheep_generic_room_13
D:6:      minmay_opposing_rooms, layout_basic, fedhas_ov_isle_minmay,
          mainiacjoe_overflow_catwalk_spiral, temple_doors_ab, uniq_duvessa
D:7:      layout_rooms, nicolae_wu_jian_immortal_techniques, serial_shops, shop
D:8:      layout_basic, lemuel_doored_altar, grunt_lair_entry_orc_guard_hut
D:9:      layout_basic, worms_lemuel
D:10:     hellmonk_crumbling_castle, layout_basic, bloody_trog, serial_shops,
          shop_statue, serial_bayou, serial_bayou_lake_a, serial_bayou_pond_a,
          serial_bayou_pond_e, serial_bayou_lagoon_b, corexii_checkpoint_a,
          uniq_lodul, uniq_nergalle
Temple:   zaba_magenta_temple

Skill      XL: |  1  2  3  4  5  6  7  8  9 10 11 |
---------------+----------------------------------+-----
Throwing       | 1 2 3 4 5 6 7 |  7.6
Shields        | 4 5 6 7 8 9 |  9.9
Fighting       | 4 5 6 7 8 9 |  9.9
Armour         | 4 5 6 7 8 9 10 | 10.0
Maces & Flails | 3 4 5 6 8 9 |  9.5

Action                   |  1- 3 |  4- 6 |  7- 9 | 10-12 || total
-------------------------+-------+-------+-------+-------++-------
Melee: Flail             |    98 |    11 |       |       ||   109
       Headbutt          |     9 |    12 |    47 |    48 ||   116
       Mace              |       |    46 |   314 |   213 ||   573
Throw: Dart              |       |       |     4 |       ||     4
Evoke: Wand              |       |       |     1 |       ||     1
  Use: Scroll            |       |       |    19 |     2 ||    21
       Potion            |       |       |       |     2 ||     2
 Stab: Distracted        |       |       |       |     1 ||     1
Armor: Scale mail        |    11 |       |       |       ||    11
       Chain mail        |     8 |       |       |    61 ||    69
       Plate armour      |    21 |    18 |   127 |    16 ||   182
Dodge: Dodged            |    28 |    10 |    64 |    45 ||   147
Block: Buckler           |    32 |    19 |   147 |    91 ||   289
       Reflection        |       |       |     6 |     5 ||    11
